 Dungeon Crawl Stone Soup version 0.25-a0-614-g73ad250637 (webtiles) character file.

Game seed: 12295869732238150973, levelgen mode: deterministic

7 ipx the Firebug (level 1, 10/14 HPs)
             Began as a Draconian Fire Elementalist on Mar 17, 2020.
             Got out of the dungeon alive.
             The game lasted 00:02:02 (153 turns).

ipx the Firebug (Draconian Fire Elementalist)        Turns: 153, Time: 00:02:02

Health: 10/14      AC:  4    Str: 10    XL:     1   Next: 83%
Magic:  3/3        EV: 12    Int: 15    God:
Gold:   0          SH:  0    Dex: 11    Spells: 3/4 levels left

rFire    . . .     SeeInvis .   b - ration
rCold    . . .     Gourm    .   (no shield)
rNeg     . . .     Faith    .   (armour unavailable)
rPois    .         Spirit   .   (helmet restricted)
rElec    .         Reflect  .   (no cloak)
rCorr    .         Harm     .   (no gloves)
MR       .....                  (no boots)
Stlth    ++........             (no amulet)
HPRegen  0.04/turn              (no ring)
MPRegen  0.08/turn              (no ring)

@: no status effects
A: unfitting armour, cold-blooded, AC +4
a: no special abilities


You escaped.
You were not hungry.

You visited 1 branch of the dungeon, and saw 1 of its levels.

Inventory:

Scrolls
 a - a scroll of noise {unknown}
Comestibles
 b - a ration (in hand)


   Skills:
 - Level 1.7 Dodging
 - Level 1.7 Stealth
 - Level 2.0 Spellcasting
 + Level 2.0 Conjurations
 - Level 3.0 Fire Magic


You had 3 spell levels left.
You knew the following spells:

 Your Spells              Type           Power        Failure   Level  Hunger
x - Foxfire               Conj/Fire      #...         8%          1    #......

Your spell library contained the following spells:

 Spells                   Type           Power        Failure   Level  Hunger
 Conjure Flame            Conj/Fire      #.......     24%         3    ###....
 Inner Flame              Hex/Fire       #.......     34%         3    ###....
 Sticky Flame             Conj/Fire      #.......     61%         4    #####..
 Fireball                 Conj/Fire      #.........   91%         5    ######.


Dungeon Overview and Level Annotations

Branches:
Dungeon (1/15)

Altars:


Innate Abilities, Weirdness & Mutations

Your plain brown scales are hard. (AC +4)
You cannot fit into any form of body armour.
You are cold-blooded and may be slowed by cold attacks.


Message History

The jackal misses you.
There is a stone staircase leading down here.
The jackal bites you but does no damage.
The jackal bites you but does no damage.
The jackal bites you. The jackal bites you. The jackal barely misses you.
The jackal bites you but does no damage.
A frilled lizard comes into view.
Things that are here:
a +0 club; a hobgoblin corpse The jackal closely misses you.
The jackal bites you but does no damage.
The frilled lizard completely misses you.
The jackal barely misses you. The frilled lizard barely misses you.
There is a staircase leading out of the dungeon here.
Are you sure you want to leave the Dungeon?
This will make you lose the game!
The jackal bites you but does no damage.
The frilled lizard closely misses you.
You have escaped!

#..#...#
################..#...#
..................#...#
P............)P#.######
≈P...........P≈#.#
≈≈P.........P≈≈#.#
≈≈≈P.....).P≈≈≈#.#
≈≈≈≈P...l.P≈≈≈≈#.#
≈≈≈≈≈P.@hP≈≈≈≈≈#.#
≈≈≈≈P.....P≈≈≈≈#.#
≈≈≈P.......P≈≈≈#
≈≈P........(P≈≈#
≈P.........(.P≈#
P.............P#
..........)......#
########..###.......
..... .......


You could see a jackal and a frilled lizard.

Vanquished Creatures
  2 hobgoblins (D:1)
  A kobold (D:1)
  A bat (D:1)
  A frilled lizard (D:1)
  2 rats (D:1)
7 creatures vanquished.

Vanquished Creatures (others)
  12 foxfires (D:1)
12 creatures vanquished.

Grand Total: 19 creatures vanquished

Notes
Turn   | Place    | Note
-------+----------+-------------------------------------------
     0 | D:1      | ipx the Draconian Fire Elementalist began the quest for the
                  | Orb.
     0 | D:1      | Reached XP level 1. HP: 14/14 MP: 3/3
   153 | D:$      | Got out of the dungeon alive.

Levels and vault maps discovered:
D:1:      eino_arrival_druids_welcome, layout_basic

Skill      XL: |  1 |
---------------+----+-----
Conjurations   | 2 |  2.0
Dodging        | |  1.7
Stealth        | |  1.7
Spellcasting   | |  2.0
Fire Magic     | |  3.0

Action                   || total
-------------------------++-------
 Cast: Foxfire           ||     9
Armor: Skin              ||    10
Dodge: Dodged            ||    14

Table legend:
 A = Non-vault XP
 B = Vault XP
 C = Vault XP percentage of total XP
 D = Non-vault monster count
 E = Vault monster count
 F = Vault count percentage of total count
                 A         B        C        D         E       F
            +---------+---------+-------+---------+---------+-------
      Total |      10 |       0 |   0.0 |       7 |       0 |   0.0
            +---------+---------+-------+---------+---------+-------
        D:1 |      10 |       0 |   0.0 |       7 |       0 |   0.0
            +---------+---------+-------+---------+---------+-------
